 Dungeon Crawl Stone Soup version 0.31-a0-185-g9dded2c639 (webtiles) character file.

Game seed: 11909426715934104722

100 qw the Shooter (level 4, 0/25 HPs)
             Began as a Deep Elf Hunter on June 22, 2023.
             Succumbed to a kobold brigand's poison
             ... in a sewer.
             The game lasted 00:00:41 (1555 turns).

qw the Shooter (Deep Elf Hunter)                    Turns: 1555, Time: 00:00:42

Health: 0/25       AC:  6    Str: 10    XL:     4   Next: 46%
Magic:  6/6        EV:  9    Int: 14    God:
Gold:   18         SH:  5    Dex: 18    Spells: 3/3 levels left

rFire   . . .        Y - +2 shortbow (heavy)
rCold   . . .        (shield currently unavailable)
rNeg    . . .        e - +0 scale mail
rPois   .            (no helmet)
rElec   .            (no cloak)
rCorr   .            (no gloves)
SInv    .            (no boots)
Will    .....        f - amulet of reflection
Stlth   +            (no ring)
HPRegen 0.24/turn    (no ring)
MPRegen 0.10/turn

%: reflection
@: lethally poisoned (0 -> -8)
A: no striking features
a: no special abilities


You were in a sewer.
You visited 1 branch of the dungeon, and saw 3 of its levels.
You also visited: Sewer.

You collected 93 gold pieces.
You spent 75 gold pieces at shops.


   Skills:
 - Level 1.5 Fighting
 + Level 7.9 Ranged Weapons
 - Level 2.4 Dodging
 - Level 1.2 Stealth


You had 3 spell levels left.
You didn't know any spells.
Your spell library was empty.

Inventory:

Hand Weapons
 Y - a +2 heavy shortbow (weapon)
Armour
 e - a +0 scale mail (worn)
Jewellery
 f - an amulet of reflection (around neck)
Scrolls
 a - 4 scrolls of identify
Potions
 b - a potion of curing
 d - a potion of might

Dungeon Overview and Level Annotations

Branches:
Dungeon (3/15)              Sewer (1/1)

Altars:

Shops:
D:3 ?


Message History

You are more poisoned.
The kobold brigand throws a poisoned dart.
The poisoned dart hits you!
You are lethally poisoned!
You shoot an arrow. The arrow misses the kobold brigand.
You feel extremely sick.
You shoot an arrow.
The arrow closely misses the kobold brigand.
You feel very sick. The kobold brigand barely misses you.
1550 ||| DRINKING potion of heal wounds.
You feel much better.
You feel sick.
The kobold brigand hits you with a +0 dagger.
You shoot an arrow.
The arrow barely misses the kobold brigand.
You feel very sick.
The kobold brigand hits you with a +0 dagger.
You block the kobold brigand's attack.
You shoot an arrow.
The arrow closely misses the kobold brigand.
You feel sick.
The kobold brigand hits you with a +0 dagger. x2
You shoot an arrow.
The arrow closely misses the kobold brigand.
You feel sick.
The kobold brigand hits you with a +0 dagger.
The kobold brigand hits you but does no damage.
You shoot an arrow.
The arrow hits the kobold brigand but does no damage.
The kobold brigand is moderately wounded.
You feel sick.
You are no longer poisoned.
The kobold brigand throws a poisoned dart.
The poisoned dart hits you!
You are lethally poisoned!
The kobold brigand hits you but does no damage.
You shoot an arrow. The arrow hits the kobold brigand.
The kobold brigand is heavily wounded.
You die...

########### \#
...~~.....###.##
.~~~~~...~......
.~~~~~~K~~~~~~~~
~~~~~~~~~~~~~~~~
~~~~~~~~~~~~~~~
~~~~)~..~.~.~..
.~~)~.K@~~#
########~## #~#
#~# #~# #~# #~#
#~# #~#


You could see 2 kobold brigands.

Vanquished Creatures
  A river rat (Sewer)
  2 adders
  A worm (D:2)
  A dart slug (D:1)
  6 orcs (D:3)
  3 bats
  5 endoplasms
  5 giant cockroaches
  5 hobgoblins
  4 jackals
  A quokka (D:1)
  4 ball pythons (D:1)
  3 frilled lizards
  4 goblins
  7 kobolds
  6 rats
58 creatures vanquished.

Notes
Turn   | Place    | Note
-------+----------+-------------------------------------------
     0 | D:1      | qw the Deep Elf Hunter began the quest for the Orb.
     0 | D:1      | Reached XP level 1. HP: 12/12 MP: 3/3
     0 | D:1      | 0 ||| qw: Version: 0.3-a-9-g12657ce
     0 | D:1      | 0 ||| qw: Game counter: 1789
     0 | D:1      | 0 ||| qw: Always use a shield: true
     0 | D:1      | 0 ||| qw: God list: Okawaru
     0 | D:1      | 0 ||| qw: Allow faded altars: false
     0 | D:1      | 0 ||| qw: Do Orc after D:15 true
     0 | D:1      | 0 ||| qw: Do second Lair branch before Depths: true
     0 | D:1      | 0 ||| qw: Lair rune preference: random
     0 | D:1      | 0 ||| qw: Plans: Normal
     0 | D:1      | 0 ||| PLANNING D:1-11
   124 | D:1      | Reached XP level 2. HP: 11/16 MP: 4/4
   125 | D:1      | Reached skill level 6 in Ranged Weapons
   134 | D:1      | 134 ||| FLEEEEING.
   558 | D:1      | HP: 2/16 [kobold/+0 whip (5)]
   784 | D:1      | 784 ||| READING 5 scrolls labelled ONERONKISAY.
   785 | D:1      | 785 ||| READING 2 scrolls labelled MIARYL LEIMOIR.
   786 | D:1      | 786 ||| READING scroll labelled ESYTEA FEURUIS.
   787 | D:1      | 787 ||| READING scroll labelled ISEBETWEHE.
   788 | D:1      | 788 ||| DRINKING 2 golden potions.
   789 | D:1      | 789 ||| READING 4 scrolls of identify.
   789 | D:1      | 789 ||| IDENTIFYING murky amethyst potion
   790 | D:1      | 790 ||| DROPPING scroll of butterflies.
   791 | D:1      | 791 ||| DROPPING scroll of revelation.
   792 | D:1      | 792 ||| DROPPING potion of lignification.
   811 | D:2      | Reached XP level 3. HP: 20/20 MP: 5/5
   895 | D:2      | Reached skill level 7 in Ranged Weapons
  1138 | D:2      | 1138 ||| UPGRADING to +0 scale mail.
  1148 | D:2      | 1148 ||| DROPPING +0 leather armour.
  1149 | D:2      | 1149 ||| UPGRADING to amulet of reflection.
  1154 | D:2      | 1154 ||| READING 5 scrolls of identify.
  1154 | D:2      | 1154 ||| IDENTIFYING smoky coppery potion
  1155 | D:2      | 1155 ||| READING 4 scrolls of identify.
  1155 | D:2      | 1155 ||| IDENTIFYING clear potion
  1174 | D:3      | 1174 ||| PLANNING SEWER
  1239 | D:3      | Reached XP level 4. HP: 25/25 MP: 6/6
  1296 | D:3      | Found Hakashr Ekoi's Magic Scroll Boutique.
  1306 | D:3      | 1306 ||| BUYING scroll of enchant weapon (75 gold).
  1306 | D:3      | Bought a scroll of enchant weapon for 75 gold pieces
  1306 | D:3      | 1306 ||| SHOPLISTING scroll of enchant weapon (75 gold,
                  | have 18).
  1306 | D:3      | 1306 ||| SHOPLISTING scroll of identify (20 gold, have 18).
  1306 | D:3      | 1306 ||| SHOPLISTING scroll of teleportation (30 gold, have
                  | 18).
  1306 | D:3      | 1306 ||| READING scroll of enchant weapon.
  1306 | D:3      | 1306 ||| ENCHANTING +1 shortbow.
  1453 | D:3      | Found a glowing drain.
  1454 | D:3      | 1454 ||| READING scroll labelled XUTAPU UHIGO.
  1455 | D:3      | 1455 ||| READING scroll labelled IQAOHE DOUTRA.
  1456 | D:3      | 1456 ||| READING scroll labelled COHOACSEIMI.
  1457 | D:3      | 1457 ||| READING 5 scrolls of identify.
  1457 | D:3      | 1457 ||| IDENTIFYING fuming grey potion
  1458 | D:3      | 1458 ||| DROPPING potion of magic.
  1477 | Sewer    | Entered a sewer
  1539 | Sewer    | 1539 ||| Stepping ~*~*~tactically~*~*~ (water).
  1540 | Sewer    | Noticed a kobold brigand
  1542 | Sewer    | Noticed a kobold brigand
  1549 | Sewer    | HP: 5/25 [poisoned by a kobold brigand]
  1550 | Sewer    | 1550 ||| DRINKING potion of heal wounds.
  1554 | Sewer    | HP: 2/25 [poisoned by a kobold brigand]
  1555 | Sewer    | Succumbed to a kobold brigand's poison

Levels and vault maps discovered:
D:1:      dpeg_arrival_oval, layout_loops_ring, chequers_serial_rivers_room_b,
          minmay_fountain_box, reono_crystal_passage, minmay_ruptured
D:2:      layout_rooms
D:3:      layout_loops_ring, gup_sewer_entry_glass, serial_shops, shop
Sewer:    sewer_kobolds

Skill      XL: |  1  2  3 |
---------------+----------+-----
Ranged Weapons | 6 7 |  7.9
Fighting       | |  1.5
Dodging        | |  2.4
Stealth        | |  1.2

Action                     |  1- 3 |  4- 6 || total
---------------------------+-------+-------++-------
   Fire: Shortbow          |   103 |    39 ||   142
    Use: Scroll            |     7 |     5 ||    12
         Potion            |     1 |     1 ||     2
 Armour: Leather armour    |     4 |       ||     4
         Scale mail        |     1 |    13 ||    14
  Dodge: Dodged            |    13 |    12 ||    25
  Block: Other             |       |     8 ||     8
         Reflection        |       |     2 ||     2

Table legend:
 A = Non-vault XP
 B = Vault XP
 C = Vault XP percentage of total XP
 D = Non-vault monster count
 E = Vault monster count
 F = Vault count percentage of total count
                 A         B        C        D         E       F
            +---------+---------+-------+---------+---------+-------
      Total |      95 |      48 |  33.6 |      43 |      15 |  25.9
            +---------+---------+-------+---------+---------+-------
        D:1 |      31 |       9 |  22.5 |      18 |       5 |  21.7
        D:2 |      33 |       0 |   0.0 |      11 |       0 |   0.0
        D:3 |      31 |      17 |  35.4 |      14 |       3 |  17.6
      Sewer |       0 |      22 | 100.0 |       0 |       7 | 100.0
            +---------+---------+-------+---------+---------+-------
